 Dungeon Crawl Stone Soup version 0.24-a0-441-g27f0392e16 (webtiles) character file.

Game seed: 7589683292256528305

55 Iscandelvey the Vexing (level 3, -11/26 HPs)
             Began as a Demonspawn Arcane Marksman on June 19, 2019.
             Blown up by Ijyb (33 damage)
             ... with a disintegration bolt
             ... on level 3 of the Dungeon.
             The game lasted 00:00:58 (1177 turns).

Iscandelvey the Vexing (Demonspawn Arcane Marksman) Turns: 1177, Time: 00:00:59

Health: -11/26     AC:  2    Str: 10    XL:     3   Next: 67%
Magic:  4/4        EV: 12    Int: 15    God:
Gold:   117        SH:  4    Dex: 13    Spells: 3/4 levels left

rFire    . . .     SeeInvis .   a - +0 hunting sling
rCold    . . .     Gourm    .   (no shield)
rNeg     . . .     Faith    .   e - +0 robe
rPois    .         Spirit   .   (no helmet)
rElec    .         Reflect  .   (no cloak)
rCorr    .         Harm     .   (no gloves)
MR       .....                  (no boots)
Stlth    ++........             (no amulet)
HPRegen  0.08/turn              (no ring)
MPRegen  0.09/turn              (no ring)

@: no status effects
A: large bone plates 1
a: no special abilities


You were on level 3 of the Dungeon.
You were hungry.

You visited 1 branch of the dungeon, and saw 3 of its levels.

You collected 117 gold pieces.

Inventory:

Hand Weapons
 a - a +0 hunting sling (weapon)
Missiles
 d - 79 sling bullets (quivered)
 h - 41 stones
Armour
 e - a +0 robe (worn)
Jewellery
 k - a cursed ring of teleportation {unknown}
Wands
 m - a wand of polymorph (10)
Scrolls
 b - 2 scrolls of amnesia {unknown}
 c - 3 scrolls of fog {unknown}
 j - a scroll of magic mapping {unknown}
 n - a scroll of identify {unknown}
 o - 2 scrolls of teleportation {unknown}
Potions
 g - 2 potions of brilliance {unknown}
 i - 2 potions of berserk rage {unknown}
 l - a potion of flight {unknown}
 p - a potion of cancellation {unknown}
 q - 2 potions of curing {unknown}
Comestibles
 f - 4 rations


   Skills:
 + Level 1.2 Fighting
 + Level 2.9 Slings
 + Level 1.9 Dodging
 + Level 0.8 Stealth
 + Level 1.0 Spellcasting
 + Level 3.4 Hexes


You had 3 spell levels left.
You knew the following spells:

 Your Spells              Type           Power        Failure   Level  Hunger
a - Corona                Hex            ##.....      6%          1    ##.....

Your spell library contained the following spells:

 Spells                   Type           Power        Failure   Level  Hunger
 Slow                     Hex            ##......     9%          2    ###....
 Inner Flame              Hex/Fire       #.......     36%         3    ####...
 Portal Projectile        Hex/Tloc       #.....       36%         3    ####...
 Cause Fear               Hex            ##........   52%         4    #####..
 Leda's Liquefaction      Hex/Erth       #.........   77%         4    #####..


Dungeon Overview and Level Annotations

Branches:
Dungeon (3/15)

Altars:
Fedhas

Annotations:
D:3 1 transporter, Ijyb; mhoghedin's ghost, amateur DrCj


Innate Abilities, Weirdness & Mutations

You are partially covered in large bone plates. (SH +4)


Message History

Aim: a goblin, wielding a +0 dagger You shoot a sling bullet.
The sling bullet hits the goblin.
You kill the goblin!
Ijyb the Twisted Goblin comes into view.
She is carrying a wand of disintegration (14).
Firing (i - inventory. (/) - cycle)
d - 81 sling bullets (quivered)
Press: ? - help, Shift-Dir - straight line, f - Ijyb
Aim: Ijyb, wearing a +0 leather armour and carrying a wand of disintegration (14) (resting)
You shoot a sling bullet.
The sling bullet hits Ijyb but does no damage.
Ijyb shouts!
Ijyb zaps a wand.
You are blasted!
Ijyb is nearby!
Firing (i - inventory. (/) - cycle)
d - 80 sling bullets (quivered)
Press: ? - help, Shift-Dir - straight line, f/p - Ijyb
Aim: Ijyb, wearing a +0 leather armour and carrying a wand of disintegration (13)
You shoot a sling bullet. The sling bullet hits Ijyb!
Ijyb is moderately wounded.
Ijyb zaps a wand.
You are blasted!
Ouch! That really hurt!
You die...

.............g
..%..........
...........
#........
#.......#+#+##
#.........(.(.
#....(.......#
#....@..(....+
#............#
#####........+
#........#
#........#
......###+##
#####.# .#
....#.# #.#
....#.# #.#


You could see Ijyb.

Vanquished Creatures
  An adder (D:2)
  A worm (D:2)
  3 dart slugs
  4 leopard geckos
  A ball python (D:2)
  2 bats
  A giant cockroach (D:2)
  5 goblins
  3 hobgoblins
  2 frilled lizards
  2 kobolds
  10 rats
35 creatures vanquished.

Notes
Turn   | Place    | Note
-------+----------+-------------------------------------------
     0 | D:1      | Iscandelvey the Demonspawn Arcane Marksman began the quest
                  | for the Orb.
     0 | D:1      | Reached XP level 1. HP: 15/15 MP: 2/2
   118 | D:1      | Gained mutation: You are partially covered in large bone
                  | plates. (SH +4) [demonic ancestry]
   118 | D:1      | Reached XP level 2. HP: 14/21 MP: 3/3
   767 | D:2      | Reached XP level 3. HP: 23/26 MP: 4/4
   796 | D:2      | Found a blossoming altar of Fedhas.
  1168 | D:3      | Found a transporter.
  1168 | D:3      | Noticed mhoghedin's ghost (amateur DrCj)
  1170 | D:3      | Found a transporter.
  1175 | D:3      | Noticed Ijyb
  1177 | D:3      | Blown up by Ijyb

Levels and vault maps discovered:
D:1:      psy_arrival_terrarium, layout_rooms
D:2:      layout_rooms, first_ration, fedhas_altar_2
D:3:      layout_basic, vehumet_crystals, gammafunk_ghost_mausoleum, uniq_ijyb

Skill      XL: |  1 |
---------------+----+-----
Slings         | 2 |  2.9
Fighting       | |  1.2
Dodging        | |  1.9
Stealth        | |  0.8
Spellcasting   | |  1.0
Hexes          | |  3.4

Action                   || total
-------------------------++-------
 Fire: Hunting sling     ||   108
Armor: Robe              ||     1
Dodge: Dodged            ||     6
Block: Other             ||     2

Table legend:
 A = Non-vault XP
 B = Vault XP
 C = Vault XP percentage of total XP
 D = Non-vault monster count
 E = Vault monster count
 F = Vault count percentage of total count
                 A         B        C        D         E       F
            +---------+---------+-------+---------+---------+-------
      Total |      79 |       0 |   0.0 |      35 |       0 |   0.0
            +---------+---------+-------+---------+---------+-------
        D:1 |      29 |       0 |   0.0 |      17 |       0 |   0.0
        D:2 |      45 |       0 |   0.0 |      16 |       0 |   0.0
        D:3 |       5 |       0 |   0.0 |       2 |       0 |   0.0
            +---------+---------+-------+---------+---------+-------
